 Dungeon Crawl Stone Soup version 0.21.1-1-g345015f (webtiles) character file.

270 JeffiDaFish the Skirmisher (level 6, 0/68 HPs)
             Began as an Ogre Chaos Knight on Feb 19, 2018.
             Slain by a phantom (8 damage)
             ... on level 4 of the Dungeon.
             The game lasted 00:06:52 (3464 turns).

JeffiDaFish the Skirmisher (Ogre Chaos Knight)      Turns: 3464, Time: 00:06:53

Health: 0/68       AC:  5    Str: 17    XL:     6   Next: 22%
Magic:  6/6        EV: 10    Int: 14    God:    Xom [.....*]
Gold:   193        SH:  0    Dex:  9    Spells: 5/5 levels left

rFire    . . .     SeeInvis .   a - +1 mace (chaos)
rCold    . . .     Gourm    .   (no shield)
rNeg     . . .     Faith    .   b - +2 robe
rPois    +         Spirit   .   (helmet restricted)
rElec    .         Reflect  .   (no cloak)
rCorr    .         Harm     .   (gloves unavailable)
MR       .....                  (boots unavailable)
Stlth    +.........             (no amulet)
HPRegen  0.61/turn              d - ring of flight
MPRegen  0.10/turn              g - ring of poison resistance

@: no status effects
A: large, unfitting armour, regeneration 1, tough skin 1, evolution 2,
MP-powered wands
a: Renounce Religion, Evoke Flight


You were on level 4 of the Dungeon.
You worshipped Xom.
You were Xom's teddy bear.
You were not hungry.

You visited 1 branch of the dungeon, and saw 4 of its levels.

You collected 193 gold pieces.

Inventory:

Hand Weapons
 a - a +1 mace of chaos (weapon)
Armour
 b - a +2 robe (worn)
Jewellery
 d - a ring of flight (left hand)
 g - a ring of poison resistance (right hand)
Scrolls
 f - 3 scrolls of identify
Potions
 h - a potion of brilliance
Comestibles
 c - 13 rations
 i - 3 chunks of flesh


   Skills:
 * Level 6.8 Fighting
 + Level 4.0 Maces & Flails
 + Level 3.2 Dodging


You had 5 spell levels left.
You didn't know any spells.

Dungeon Overview and Level Annotations

Branches:
Dungeon (4/15)
 Temple: D:4-7

Altars:
Qazlal
Uskayaw


Innate Abilities, Weirdness & Mutations

You are too large for most types of armour.
You have tough skin. (AC +1)
Your natural rate of healing is unusually fast.
You rapidly evolve.
You expend magic power (3 MP) to strengthen your wands.


Message History

You kill the worker ant!
The frilled lizard bites you but does no damage.
You closely miss the phantom. The phantom hits you.
* * * LOW HITPOINT WARNING * * *
The frilled lizard bites you but does no damage.
You thump the phantom!
The phantom flickers and vanishes!
Deactivating autopickup; reactivate with Ctrl-A.
The frilled lizard bites you.
* * * LOW HITPOINT WARNING * * *
You miss the frilled lizard.
The frilled lizard bites you but does no damage. x2
You closely miss the frilled lizard. The frilled lizard closely misses you.
You hit the frilled lizard.
You kill the frilled lizard!
You hit something but do no damage. Something hits you!
* * * LOW HITPOINT WARNING * * *
Okay, then.
You hit something. You burn something. Something hits you!
You die...
Xom yawns loudly!

#.(....#
#......#
#......# ......#
...
####.....#....
.[?.?...#.... #
#.?........ ..
#.#)#...#
#.##.#@#...#
#.....{..#####
####..........
#.....#....
#.....# ...
#.....# ..
###.....## .
#........#
#.#####........#


There were no monsters in sight!

Vanquished Creatures
  Blork the orc (D:4)
  A worker ant (D:4)
  Robin (D:1)
  5 adders
  A river rat (D:4)
  A worm (D:3)
  A dart slug (D:1)
  A leopard gecko (D:2)
  5 orcs (D:3)
  8 giant cockroaches
  20 goblins
  18 hobgoblins
  5 jackals (D:3)
  2 quokkas
  2 ball pythons
  3 bats
  4 frilled lizards
  5 kobolds
  7 rats
91 creatures vanquished.

Vanquished Creatures (collateral kills)
  A bat (D:3)
1 creature vanquished.

Grand Total: 92 creatures vanquished

Notes
Turn   | Place    | Note
-------+----------+-------------------------------------------
     0 | D:1      | JeffiDaFish the Ogre Chaos Knight began the quest for the Orb.
     0 | D:1      | Reached XP level 1. HP: 24/24 MP: 1/1
    82 | D:1      | Reached XP level 2. HP: 32/32 MP: 2/2
   335 | D:1      | XOM: potion effect (agility)
   771 | D:2      | Reached XP level 3. HP: 40/40 MP: 3/3
   787 | D:2      | Found a stormy altar of Qazlal.
   873 | D:2      | XOM: harmless Tmut miscast
   891 | D:2      | Noticed Robin
   915 | D:2      | HP: 1/41 [goblin/dagger[Robin] (5)]
  1178 | D:1      | XOM: silly message
  1243 | D:1      | Reached skill level 5 in Fighting
  1346 | D:1      | XOM: divination: detect items
  1488 | D:1      | Killed Robin
  1488 | D:1      | Reached XP level 4. HP: 44/50 MP: 4/4
  1526 | D:2      | XOM: severe Conj miscast
  2097 | D:2      | Found a hide-covered altar of Uskayaw.
  2146 | D:2      | XOM: give mutations
  2146 | D:2      | Gained mutation: Your natural rate of healing is unusually fast. [Xom's mischief]
  2146 | D:2      | Gained mutation: You are frail. (-10% HP) [Xom's mischief]
  2146 | D:2      | Gained mutation: You expend magic power (3 MP) to strengthen your wands. [Xom's mischief]
  2160 | D:2      | XOM: summons 2 hostile shadow creatures
  2408 | D:3      | Reached XP level 5. HP: 42/53 MP: 5/5
  2777 | D:3      | XOM: enchant monster (good)
  2848 | D:3      | Reached skill level 6 in Fighting
  2918 | D:3      | XOM: cloud trail
  3011 | D:3      | XOM: 1-stop teleportation journey
  3015 | D:3      | XOM: give mutations
  3015 | D:3      | Gained mutation: You evolve. [Xom's grace]
  3015 | D:3      | Lost mutation: You are frail. (-10% HP) [Xom's grace]
  3015 | D:3      | Gained mutation: You rapidly evolve. [Xom's grace]
  3326 | D:3      | XOM: confusion (+ monsters)
  3444 | D:4      | Noticed Blork the orc
  3446 | D:4      | Noticed a phantom
  3456 | D:4      | Killed Blork the orc
  3456 | D:4      | Reached XP level 6. HP: 19/68 MP: 6/6
  3464 | D:4      | Slain by a phantom

Skill      XL: |  1  2  3  4  5 |
---------------+----------------+-----
Maces & Flails | 3 4 |  4.0
Fighting       | 5 6 |  6.8
Dodging        | 3 |  3.2

Action                   |  1- 3 |  4- 6 || total
-------------------------+-------+-------++-------
Melee: Mace              |   103 |   175 ||   278
  Use: Scroll            |     3 |     3 ||     6
       Potion            |     3 |     4 ||     7
 Stab: Petrified         |       |     2 ||     2
       Petrifying        |       |     1 ||     1
  Eat: Chunk             |     1 |     7 ||     8
Armor: Robe              |    48 |   115 ||   163
Dodge: Dodged            |    77 |   157 ||   234
